 Dungeon Crawl Stone Soup version bcrawl-1.23.1-30-gcf7fa35852 (webtiles) character file.

Game seed: 6156370750884048972

72 diana the Twirler (level 4, 14/34 HPs)
             Began as a Demonspawn Gladiator on May 28, 2020.
             Quit the game on level 2 of the Dungeon.
             The game lasted 00:01:21 (1445 turns).

diana the Twirler (Demonspawn Gladiator)            Turns: 1445, Time: 00:01:22

Health: 14/34      AC: 10    Str: 15    XL:     4   Next: 6%
Magic:  4/4        EV:  7    Int: 10    God:
Gold:   118        SH:  0    Dex: 14    Spells: 3/3 levels left

rFire    . . .     SeeInvis .   a - +0 quarterstaff
rCold    . . .     Gourm    .   (shield currently unavailable)
rNeg     . . .     Faith    .   k - +0 chain mail
rPois    .         Spirit   .   (helmet restricted)
rElec    .         Reflect  .   (no cloak)
rCorr    .         Harm     .   (no gloves)
MR       .....                  (no boots)
Stlth    ..........             (no amulet)
HPRegen  0.11/turn              (no ring)
MPRegen  0.09/turn              (no ring)

@: mildly poisoned (14 -> 12)
A: antennae 1, thin metallic scales 1
a: no special abilities


You were on level 2 of the Dungeon.
You were not hungry.

You visited 1 branch of the dungeon, and saw 2 of its levels.

You collected 118 gold pieces.

Inventory:

Hand Weapons
 a - a +0 quarterstaff (weapon)
Missiles
 d - 3 throwing nets (quivered) {!f}
Armour
 b - a +0 leather armour
 c - a +0 helmet
 k - a +0 chain mail (worn)
Scrolls
 f - a scroll of identify {unknown}
 h - a scroll of magic mapping {unknown}
 j - 2 scrolls of remove curse {unknown}
Potions
 g - 2 potions of curing {unknown}
 i - a potion of invisibility {unknown}
Comestibles
 e - 4 rations {!d}


   Skills:
 + Level 2.9 Fighting
 * Level 4.0 Staves
 - Level 1.7 Throwing
 - Level 2.6 Dodging


You had 3 spell levels left.
You didn't know any spells.
Your spell library was empty.

Dungeon Overview and Level Annotations

Branches:
Dungeon (2/12)

Altars:


Innate Abilities, Weirdness & Mutations

You have a pair of small antennae on your head.
You are partially covered in thin metallic scales. (AC +2)


Message History

You are too injured to fight recklessly!
You are too injured to fight recklessly!
You are too injured to fight recklessly!
You are too injured to fight recklessly!
You are too injured to fight recklessly!
You are too injured to fight recklessly!
You are too injured to fight recklessly!
You feel sick. The bat hits you but does no damage. x2
You feel sick. The bat closely misses you. The bat hits you but does no damage.
You feel sick.
You sock the adder!
You kill the adder!
Your Staves skill increases to level 4!
You have reached level 4!
You feel clever.
Your demonic ancestry asserts itself...
A pair of antennae grows on your head!
Your +0 helmet falls away!
The bat hits you.
Are you sure you want to abandon this character and quit the game? (Confirm with "yes".)

######## ######
#......# .....#
#...##.# .....#
#.####.##.?...#
#...bg...)....#
#..@†#.#......#
#.####.#........
#......#.#......
#..#####.#......
#...............
#..###.#.#......
#..# .#.# ....
#.######..###.#.#
....
#...............#


You could see a hobgoblin and a bat.

Vanquished Creatures
  An adder (D:2)
  2 worms (D:2)
  2 dart slugs (D:1)
  4 leopard geckos (D:1)
  A ball python (D:2)
  5 giant cockroaches
  4 goblins
  7 hobgoblins
  A jackal (D:1)
  3 kobolds (D:2)
  2 quokkas
  5 bats (D:1)
  2 frilled lizards
  9 rats
48 creatures vanquished.

Notes
Turn   | Place    | Note
-------+----------+-------------------------------------------
     0 | D:1      | diana the Demonspawn Gladiator began the quest for the Orb.
     0 | D:1      | Reached XP level 1. HP: 16/16 MP: 1/1
    88 | D:1      | Reached skill level 3 in Staves
   280 | D:1      | Gained mutation: You are partially covered in thin metallic
                  | scales. (AC +2) [demonic ancestry]
   280 | D:1      | Reached XP level 2. HP: 22/22 MP: 2/2
   584 | D:1      | Reached XP level 3. HP: 27/28 MP: 3/3
  1444 | D:2      | Reached skill level 4 in Staves
  1444 | D:2      | Gained mutation: You have a pair of small antennae on your
                  | head. [demonic ancestry]
  1444 | D:2      | Reached XP level 4. HP: 15/34 MP: 4/4
  1445 | D:2      | Quit the game

Skill      XL: |  1  2  3 |
---------------+----------+-----
Staves         | 3 4 |  4.0
Fighting       | |  2.9
Throwing       | |  1.7
Dodging        | |  2.6

Action                   |  1- 3 |  4- 6 || total
-------------------------+-------+-------++-------
Melee: Quarterstaff      |   131 |       ||   131
 Stab: Sleeping          |     1 |       ||     1
  Eat: Chunk             |     2 |       ||     2
Armor: Leather armour    |    21 |       ||    21
       Chain mail        |    34 |       ||    34
Dodge: Dodged            |    84 |       ||    84
